Map: [EWC] Oceanborn

Players

Maru - Winner!

  • Race: Terran Terran
  • Spawn Location: 5:00

Solar

  • Race: Zerg Zerg
  • Spawn Location: 11:00

Event: Esports World Cup 2024

VOD

Have the link to the VOD?

Description

Time

  • Played on: Aug. 17, 2024, 9:26 a.m.
  • Length: 15:25

All games in this series

Show
View Real Time Build Order
Export as new Build Order

Maru Terran - Winner!

Build Orders:  

Get SALT Encoding   

  12  0:00  SCV  
  13  0:12  SCV  
  14  0:17  Supply Depot  
  14  0:24  SCV  
  15  0:38  SCV  
  15  0:39  Barracks  
  15  0:42  Refinery  
  16  0:50  SCV  
  17  0:59  Barracks  
  17  1:03  SCV  
  18  1:15  SCV  
  19  1:26  Reaper  
  19  1:27  Orbital Command  
  20  1:37  Supply Depot  
  20  1:46  Reaper  
  21  1:54  SCV  
  22  2:03  Reaper  
  22  2:06  SCV  
  24  2:10  Command Center  
  24  2:18  SCV  
  24  2:19  Refinery  
  25  2:30  SCV  
  26  2:42  SCV, Factory  
  27  2:54  SCV, Barracks Reactor  
  28  3:00  Barracks Tech Lab  
  28  3:05  Command Center  
  28  3:06  SCV  
  29  3:18  SCV  
  30  3:21  Marine  
  30  3:22  Orbital Command  
  31  3:29  Engineering Bay  
  31  3:30  SCV, Engineering Bay  
  32  3:38  Hellion  
  32  3:39  Barracks Reactor  
  34  3:43  SCV  
  34  3:44  Marine  
  34  3:48  Hellion  
  38  3:51  SCV  
  38  3:55  SCV  
  40  4:02  Terran Infantry Weapons Level 1, Terran Infantry Armor Level 1  
  40  4:06  SCV  
  40  4:07  SCV  
  42  4:10  Hellion  
  42  4:12  Stimpack  
  45  4:18  SCV  
  45  4:19  Orbital Command  
  45  4:21  SCV  
  46  4:24  Hellion  
  46  4:27  Refinery  
  46  4:30  SCV  
  49  4:31  Marine x3  
  49  4:35  Supply Depot  
  49  4:36  SCV  
  53  4:40  Starport  
  53  4:44  SCV x2  
  55  4:48  SCV  
  55  4:51  Marine x3  
  59  4:56  SCV  
  60  5:01  SCV  
  60  5:05  Supply Depot  
  62  5:08  Marine, Armory  
  62  5:09  Marine x2  
  62  5:10  SCV  
  62  5:12  Orbital Command  
  62  5:13  SCV  
  66  5:16  Refinery  
  66  5:18  Supply Depot  
  66  5:22  Supply Depot, SCV  
  66  5:25  SCV, Factory Tech Lab  
  66  5:27  Medivac x2  
  72  5:28  Marine  
  72  5:29  Marine x2  
  72  5:34  SCV  
  76  5:37  SCV  
  76  5:40  Barracks  
  77  5:45  Barracks  
  77  5:46  Siege Tank, SCV  
  77  5:48  Barracks  
  77  5:49  SCV  
  82  5:50  SCV  
  83  5:58  Supply Depot, SCV  
  83  6:00  Terran Infantry Armor Level 2, Terran Infantry Weapons Level 2  
  84  6:05  Marine x3  
  84  6:08  Combat Shield  
  84  6:10  SCV x2  
  89  6:12  Supply Depot  
  89  6:18  SCV  
  90  6:19  Supply Depot  
  90  6:22  Siege Tank  
  90  6:23  Marine  
  90  6:24  SCV x2  
  96  6:28  Barracks Reactor  
  96  6:30  SCV  
  97  6:33  Barracks Reactor  
  97  6:36  SCV x2  
  96  6:40  Barracks Reactor  
  96  6:42  SCV  
  96  6:43  Medivac  
  96  6:46  Supply Depot  
  99  6:47  Marine x2  
  99  6:48  SCV x2, Marine, Medivac  
  106  6:55  SCV  
  107  7:05  Marine x3  
  110  7:09  Supply Depot  
  110  7:10  Barracks x2  
  110  7:11  Supply Depot  
  110  7:12  Marine, Barracks  
  110  7:16  Siege Tank  
  110  7:20  Medivac  
  110  7:21  Marine x3  
  118  7:23  Marine x2  
  118  7:24  Marauder  
  118  7:25  Medivac  
  118  7:26  Supply Depot  
  124  7:32  Supply Depot, Marine  
  123  7:37  Terran Vehicle Weapons Level 1  
  123  7:40  Marine x4  
  123  7:43  Supply Depot  
  127  7:47  Marine x3  
  127  7:51  Siege Tank  
  133  7:52  SCV  
  133  7:55  Supply Depot  
  133  7:57  Marine, Medivac  
  133  7:58  Marine x2  
  141  8:00  Barracks Tech Lab  
  141  8:01  Barracks Tech Lab x2  
  138  8:08  Medivac  
  138  8:09  Marine x4  
  138  8:11  Supply Depot  
  144  8:14  Supply Depot  
  146  8:20  Concussive Shells, Marauder x4  
  146  8:26  Marine x5  
  156  8:27  Marine x3  
  160  8:41  Refinery  
  159  8:42  Refinery  
  159  8:47  Marine  
  159  8:49  Command Center  
  159  8:51  Terran Infantry Weapons Level 3  
  158  8:58  SCV x2  
  158  9:00  Terran Infantry Armor Level 3, SCV  
  160  9:03  Marine  
  160  9:04  Marine x2  
  160  9:05  Marauder x2  
  160  9:06  Marine, Marauder x2  
  172  9:12  Medivac  
  172  9:13  Supply Depot  
  172  9:15  Marine  
  175  9:18  SCV  
  175  9:23  Medivac  
  178  9:24  SCV x2  
  178  9:29  Supply Depot  
  178  9:30  SCV  
  181  9:39  Marine x2, Marauder  
  181  9:40  Ghost Academy, Marauder  
  187  9:48  Marine x3  
  187  9:49  Marine, Marauder x2  
  185  9:54  Marine x2  
  171  10:01  Marauder x2, Medivac x2  
  171  10:04  SCV x3  
  179  10:10  Marauder x2  
  165  10:16  SCV  
  165  10:17  Marine  
  147  10:21  Ghost  
  147  10:25  SCV x2  
  142  10:28  SCV  
  142  10:31  Medivac x2  
  142  10:32  Missile Turret  
  142  10:34  Marine x4  
  142  10:35  Marauder  
  139  10:37  SCV x2  
  139  10:40  Marine x2  
  139  10:41  Marauder x2  
  133  10:52  Marine x3, Marauder  
  133  10:54  Marine  
  133  10:56  Marauder  
  125  10:58  Marine  
  125  11:00  SCV x2  
  125  11:03  SCV  
  127  11:08  Marine x2, Marauder  
  127  11:09  Marauder  
  133  11:11  Planetary Fortress  
  133  11:12  SCV  
  133  11:16  Marine  
  133  11:17  Marauder  
  137  11:26  Marine x2, Marauder  
  137  11:29  Siege Tank  
  137  11:30  Marauder  
  145  11:33  Marine x2  
  145  11:34  Missile Turret  
  145  11:37  Marine  
  145  11:38  Marauder  
  150  11:45  Marine, Marauder, Medivac x2  
  157  11:48  Ghost  
  157  11:51  Marine x3  
  157  11:53  SCV  
  162  12:05  Marine x3, Marauder x2  
  162  12:07  Marauder  
  167  12:10  Marine x2  
  167  12:14  Marine x2  
  163  12:17  Marine, Marauder  
  159  12:22  Marine  
  159  12:23  Marine  
  151  12:33  Marine x3  
  151  12:34  Marauder x3  
  153  12:42  Marine x2  
  153  12:43  Marauder  
  154  12:55  Marauder  
  156  12:59  Marine x4  
  156  13:00  Marauder x2  
  156  13:03  Orbital Command  
  156  13:04  Marauder  
  165  13:05  Marine x2  
  162  13:13  Marine x2  
  164  13:28  Marauder x2  
  164  13:29  Marine  
  164  13:30  Marauder  
  164  13:31  Marauder  
  161  13:40  Supply Depot x2  
  157  13:49  Ghost x2  
  157  13:50  Ghost  
  146  13:57  Ghost  
  146  14:00  Medivac  
  146  14:01  Medivac  
  146  14:02  Marine x2  
  139  14:06  Marine  
  136  14:16  Marine  
  137  14:18  Ghost  
  137  14:19  Marine, Marauder  
  94  14:26  Marine  
  94  14:27  Marauder  
  94  14:30  Medivac  
  87  14:32  Marine x2  
  87  14:37  Marauder  
  87  14:38  Marine  
  90  14:47  Marine, Marauder x2  
  90  14:51  Marauder  
  93  15:00  Marine, Marauder  
  93  15:05  Marine x3  
Show
View Real Time Build Order
Export as new Build Order

Solar Zerg 

Build Orders: Hatch First, Lurkers, Roach Hydra 

Get SALT Encoding   

  12  0:00  Drone  
  13  0:12  Overlord  
  13  0:17  Drone  
  14  0:30  Drone x2  
  16  0:47  Hatchery  
  15  0:51  Drone  
  15  0:54  Drone  
  17  0:57  Drone  
  18  1:08  Extractor  
  17  1:12  Spawning Pool  
  17  1:16  Drone  
  17  1:19  Drone  
  18  1:29  Drone  
  19  1:39  Drone  
  20  1:50  Drone  
  21  1:59  Queen x2  
  21  2:00  Zergling x4  
  27  2:09  Zergling x2  
  27  2:11  Overlord  
  28  2:30  Drone  
  28  2:32  Overlord  
  28  2:33  Drone  
  28  2:34  Drone  
  28  2:35  Queen x2  
  35  2:43  Zergling x2  
  36  2:50  Drone  
  37  2:56  Drone  
  38  2:59  Drone, Hatchery  
  38  3:07  Drone x3  
  38  3:11  Overlord  
  38  3:12  Drone  
  42  3:17  Drone x2  
  44  3:29  Roach Warren, Drone x2  
  45  3:36  Overlord  
  45  3:39  Queen  
  48  3:41  Drone  
  48  3:43  Drone  
  48  3:46  Drone x3  
  52  3:49  Overlord  
  52  3:56  Overlord  
  52  4:00  Drone x2  
  52  4:02  Overlord  
  54  4:03  Drone  
  55  4:12  Queen  
  55  4:13  Drone  
  55  4:14  Roach x3  
  55  4:15  Roach  
  66  4:18  Extractor  
  66  4:19  Drone x2  
  66  4:20  Drone  
  66  4:23  Drone  
  69  4:26  Overlord  
  69  4:27  Drone  
  69  4:30  Drone  
  71  4:33  Drone, Lair  
  71  4:36  Overlord  
  72  4:43  Drone x2  
  74  4:46  Drone  
  74  4:47  Drone x3, Spore Crawler  
  74  4:52  Drone x4  
  81  4:53  Drone  
  81  4:55  Drone x2  
  81  4:58  Spore Crawler  
  81  4:59  Drone x2  
  85  5:05  Extractor x2  
  85  5:06  Drone  
  84  5:10  Overlord  
  84  5:11  Drone  
  85  5:17  Evolution Chamber  
  85  5:19  Drone  
  85  5:21  Drone x3  
  88  5:23  Evolution Chamber  
  88  5:24  Drone x3  
  88  5:26  Hatchery  
  88  5:28  Extractor  
  88  5:30  Roach x3  
  88  5:32  Glial Reconstitution  
  88  5:33  Overseer  
  94  5:36  Drone x2  
  94  5:37  Extractor  
  94  5:38  Drone  
  96  5:43  Drone, Overlord  
  96  5:44  Infestation Pit  
  96  5:45  Roach  
  98  5:50  Zerg Missile Weapons Level 1  
  98  5:51  Zerg Ground Armor Level 1  
  98  5:52  Drone  
  98  5:55  Roach x2  
  103  5:57  Drone x2  
  103  6:00  Drone  
  106  6:05  Overlord  
  106  6:10  Roach x4  
  114  6:11  Hydralisk Den  
  114  6:13  Drone  
  114  6:14  Overlord  
  114  6:17  Overlord  
  114  6:20  Overlord  
  114  6:23  Hive  
  114  6:25  Drone x2  
  116  6:26  Drone  
  116  6:29  Roach x2  
  121  6:33  Overlord  
  121  6:38  Drone  
  122  6:42  Muscular Augments, Lurker Den  
  122  6:45  Overlord  
  122  6:46  Hatchery, Drone  
  121  6:48  Drone  
  121  6:50  Drone x2  
  121  6:54  Metabolic Boost  
  124  6:55  Roach x2  
  124  6:56  Drone  
  124  6:58  Drone  
  124  7:00  Drone, Extractor x2  
  129  7:04  Overlord  
  129  7:05  Drone  
  130  7:10  Drone  
  130  7:12  Drone  
  130  7:15  Hydralisk x2  
  130  7:16  Hydralisk  
  130  7:17  Hatchery  
  130  7:18  Overlord  
  135  7:23  Zergling x12  
  135  7:29  Overlord  
  141  7:37  Viper x2  
  141  7:40  Seismic Spines  
  141  7:42  Drone, Spore Crawler  
  147  7:46  Lurker x2  
  149  7:53  Lurker  
  149  7:55  Zergling x10, Hydralisk  
  156  8:00  Overlord x2  
  156  8:05  Drone  
  157  8:06  Queen  
  157  8:08  Drone  
  157  8:10  Drone x5  
  157  8:11  Pneumatized Carapace  
  165  8:13  Hydralisk x3  
  165  8:18  Zerg Missile Weapons Level 2  
  171  8:21  Zerg Melee Weapons Level 1  
  171  8:26  Zergling x10  
  175  8:28  Lurker, Extractor  
  175  8:29  Extractor  
  173  8:37  Adaptive Talons  
  173  8:38  Hydralisk x3, Extractor x2  
  173  8:39  Hydralisk  
  178  8:42  Lurker  
  178  8:46  Lurker  
  178  8:47  Zergling x12  
  186  8:55  Lurker  
  183  8:57  Drone x3  
  183  9:15  Lurker x2  
  185  9:18  Lurker  
  185  9:20  Zergling x26  
  199  9:26  Hatchery  
  198  9:40  Zergling x4  
  195  9:49  Hydralisk x9  
  190  9:53  Zergling x8  
  190  9:54  Zergling x12  
  190  9:55  Grooved Spines  
  190  10:05  Zergling x2  
  190  10:06  Zergling x6  
  164  10:14  Hydralisk x3  
  164  10:15  Zerg Ground Armor Level 2  
  159  10:22  Hatchery  
  159  10:23  Hydralisk x5  
  159  10:27  Lurker x2  
  156  10:29  Drone x2  
  156  10:35  Hydralisk x3  
  158  10:37  Drone  
  159  10:43  Zerg Melee Weapons Level 2  
  159  10:45  Hydralisk  
  159  10:46  Hydralisk x2  
  159  10:47  Zergling x6  
  161  10:54  Zergling x12  
  147  11:03  Hydralisk x3  
  147  11:04  Zergling x4  
  149  11:10  Lurker x2  
  143  11:12  Drone x2  
  143  11:13  Lurker x2  
  143  11:14  Zergling x10  
  143  11:16  Overlord  
  152  11:19  Lurker x2  
  152  11:20  Drone x2  
  152  11:21  Drone  
  152  11:22  Zergling x10  
  152  11:24  Lurker  
  152  11:25  Extractor x2  
  161  11:26  Hydralisk x2  
  161  11:27  Zergling x2, Hydralisk  
  165  11:34  Overlord  
  165  11:35  Drone x3  
  165  11:36  Lurker x2  
  170  11:42  Hydralisk  
  170  11:43  Hydralisk x3  
  170  11:44  Zergling x2  
  176  11:53  Overseer  
  170  11:59  Hydralisk  
  170  12:00  Hatchery, Hydralisk x7  
  173  12:07  Zergling x12  
  174  12:12  Viper  
  174  12:15  Zergling x12  
  178  12:20  Lurker x2  
  181  12:23  Zergling x20  
  181  12:25  Zergling x2  
  185  12:32  Lurker x3  
  172  12:38  Hydralisk x3  
  172  12:41  Zergling x2  
  172  12:42  Zergling x4  
  169  12:49  Hatchery  
  168  12:52  Lurker  
  168  12:53  Lurker x2  
  168  12:57  Zergling x12  
  172  13:11  Lurker  
  172  13:12  Lurker  
  164  13:13  Zergling x16  
  164  13:19  Hydralisk x2  
  176  13:20  Zergling x2  
  176  13:25  Hatchery  
  175  13:29  Hydralisk x3  
  175  13:33  Lurker x2  
  179  13:35  Zergling x4  
  179  13:37  Zergling x4  
  179  13:41  Zergling x6  
  184  13:47  Hydralisk  
  184  13:48  Hydralisk  
  186  13:52  Lurker x3  
  184  13:58  Hydralisk x2  
  184  14:00  Zergling x4  
  184  14:01  Hydralisk  
  156  14:06  Hydralisk  
  156  14:08  Lurker  
  157  14:14  Hydralisk x3  
  162  14:22  Hydralisk x6  
  142  14:24  Hydralisk  
  142  14:29  Hydralisk  
  125  14:32  Hydralisk x3  
  125  14:35  Lurker x3  
  125  14:37  Zergling x8  
  132  14:44  Hydralisk x2  
  130  14:50  Lurker x5  
  126  14:53  Zergling x10  
  126  14:57  Hydralisk x3  
Tags
 
Add a new tag
Caveats
  • Supply blocks, unpowered buildings, or Contaminate may cause inaccurate times.
  • Supply counts are checked every 10 seconds.